 Dungeon Crawl Stone Soup version 0.21-a0-67-g3f13d09 (webtiles) character file.

259 Kidiri the Magician (level 5, -1/35 HPs)
             Began as a Demonspawn Fire Elementalist on June 16, 2017.
             Slain by a gnoll
             ... wielding a +0 halberd
              (15 damage)
             ... while paralysed by Grinder
             ... on level 4 of the Dungeon on June 17, 2017.
             The game lasted 00:14:52 (3514 turns).

Kidiri the Magician (Demonspawn Fire Elementalist)  Turns: 3514, Time: 00:14:52

Health: -1/35      AC:  6    Str:  8    XL:     5   Next: 94%
Magic:  4/11       EV:  2    Int: 21    God:
Gold:   105        SH:  0    Dex: 14    Spells: 3/12 levels left

rFire    + . .     SeeInvis .   s - +1 rapier
rCold    . . .     Gourm    .   (no shield)
rNeg     + . .     Faith    .   g - +1 leather armour {rPois}
rPois    +         Spirit   .   (helmet restricted)
rElec    .         Reflect  .   (no cloak)
rCorr    .         Harm     .   q - +1 pair of gloves
MR       .....                  (no boots)
Stlth    ++........             (no amulet)
HPRegen  0.11/turn              d - ring of positive energy
MPRegen  0.12/turn              o - +6 ring of intelligence

@: paralysed
A: horns 2, talons 1, large bone plates 2, dopey 1, fire resistance 1
a: no special abilities


You were on level 4 of the Dungeon.
You were not hungry.

You visited 1 branch of the dungeon, and saw 4 of its levels.

You collected 105 gold pieces.

Inventory:

Hand Weapons
 s - a +1 rapier (weapon)
Armour
 g - a +1 leather armour of poison resistance (worn)
 q - a +1 pair of gloves (worn)
Jewellery
 d - a ring of positive energy (left hand)
 o - a +6 ring of intelligence (right hand)
Scrolls
 f - a scroll of noise
 i - a scroll of immolation
Potions
 e - a potion of might
 j - a potion of agility
 l - a potion of curing
 n - a potion of haste
Books
 b - a book of Flames

   Spells                             Type                      Level
   a - Flame Tongue                   Conjuration/Fire             1
   b - Throw Flame                    Conjuration/Fire             2
   c - Conjure Flame                  Conjuration/Fire             3
   d - Inner Flame                    Hexes/Fire                   3
   e - Sticky Flame                   Conjuration/Fire             4
   f - Fireball                       Conjuration/Fire             5
Comestibles
 a - a chunk of flesh
 c - 3 bread rations


   Skills:
 - Level 1.7 Dodging
 - Level 1.7 Stealth
 * Level 4.2 Spellcasting
 + Level 2.7 Conjurations
 + Level 4.0 Fire Magic


You had 3 spell levels left.
You knew the following spells:

 Your Spells              Type           Power        Failure   Level  Hunger
a - Flame Tongue          Conj/Fire      ###..        4%          1    None
b - Throw Flame           Conj/Fire      ###...       6%          2    #......
c - Conjure Flame         Conj/Fire      ###.....     13%         3    ##.....
d - Inner Flame           Hex/Fire       ##......     22%         3    ##.....


Dungeon Overview and Level Annotations

Branches:
Dungeon (4/15)
 Temple: D:4-7

Altars:

Annotations:
D:4 Grinder, Pikel


Innate Abilities, Weirdness & Mutations

You have a pair of horns on your head.
You are mostly covered in large bone plates. (SH +6)
Your flesh is heat resistant. (rF+)
You have sharp toenails.
You are dopey. (Int -2)


Message History

Casting: Flame Tongue
Confirm with . or Enter, or press ? or * to list all spells.
Aiming: Flame Tongue
Press: ? - help, Shift-Dir - straight line, f/p - Grinder
Aim: Grinder (moderately wounded)
The flame tongue hits Grinder.
Grinder is heavily wounded.
Grinder gestures at you.
You suddenly lose the ability to move!
Grinder barely misses you.
A gnoll comes into view.
Grinder gestures at you.
You shrug off the repeated paralysis!
The gnoll barely misses you.
A gnoll comes into view. It is wielding a halberd.
Grinder hits you but does no damage. The gnoll hits you but does no damage.
Grinder says, "Tell me all your secrets, or I'll kill you."
Grinder hits you.
The gnoll hits you from afar with a halberd.
The gnoll hits you from afar with a halberd!
You die...

#.#### #.......# # ..
..# #.#####.# #.#>
#.# #.#####.#
....##.######.##.....
#.......##.##.##.. #
#.#.###...........
#.##.#.# ###########.
#......# #. ####@###
## ####5####
#..ggg..# #.##g##.#
##### # #g# # #....
... #.### #... #.###
.a#. #.##. ##. .#
#.##.


You could see Grinder, a gnoll shaman, a worker ant (wandering) and 4 gnolls.

Vanquished Creatures
  A jelly (D:3)
  2 orc priests (D:3)
  An orc wizard (D:3)
  A hound skeleton (D:4)
  4 adders
  An ooze (D:1)
  A worm (D:2)
  A dart slug (D:1)
  A leopard gecko (D:4)
  12 orcs (D:3)
  2 giant cockroaches
  9 goblins
  5 hobgoblins
  10 jackals
  2 quokkas
  2 ball pythons
  6 bats
  7 frilled lizards
  3 kobolds
  3 rats
74 creatures vanquished.

Notes
Turn   | Place    | Note
-------+----------+-------------------------------------------
     0 | D:1      | Kidiri the Demonspawn Fire Elementalist began the quest for the Orb.
     0 | D:1      | Reached XP level 1. HP: 13/13 MP: 3/3
   128 | D:1      | Gained mutation: You are partially covered in large bone plates. (SH +4) [demonic ancestry]
   128 | D:1      | Reached XP level 2. HP: 14/19 MP: 0/5
   132 | D:1      | Learned a level 2 spell: Throw Flame
  1039 | D:2      | Gained mutation: You have a pair of small horns on your head. [demonic ancestry]
  1039 | D:2      | Reached XP level 3. HP: 24/24 MP: 0/7
  1064 | D:2      | Gained mutation: You have sharp toenails. [potion of mutation]
  1064 | D:2      | Gained mutation: You are dopey. (Int -2) [potion of mutation]
  1064 | D:2      | Gained mutation: You have a pair of horns on your head. [potion of mutation]
  1087 | D:2      | Learned a level 3 spell: Conjure Flame
  1485 | D:2      | Gained mutation: Your flesh is heat resistant. (rF+) [demonic ancestry]
  1485 | D:2      | Reached XP level 4. HP: 30/30 MP: 4/8
  1493 | D:2      | Learned a level 3 spell: Inner Flame
  2091 | D:3      | Gained mutation: You are mostly covered in large bone plates. (SH +6) [demonic ancestry]
  2091 | D:3      | Reached XP level 5. HP: 15/35 MP: 0/10
  3106 | D:2      | Upgraded the game from 0.21-a0-59-g7b0e191 to 0.21-a0-67-g3f13d09
  3220 | D:4      | Noticed a slave
  3222 | D:4      | Noticed Pikel
  3222 | D:4      | Noticed a slave
  3223 | D:4      | Noticed a slave
  3498 | D:4      | Noticed Grinder
  3505 | D:4      | Paralysed by Grinder for 2 turns
  3510 | D:4      | Paralysed by Grinder for 6 turns
  3514 | D:4      | Slain by a gnoll

Vault maps used:
D:1:      saegor_arrival_simple_c
D:3:      first_bread, kennysheep_generic_room_12
D:4:      minmay_wonky_spiral, uniq_grinder, uniq_ijyb, uniq_blork_the_orc,
          uniq_pikel

Skill      XL: |  1  2  3  4  5 |
---------------+----------------+-----
Fire Magic     | 3 4 |  4.0
Spellcasting   | 3 4 |  4.2
Conjurations   | 2 |  2.7
Dodging        | |  1.7
Stealth        | |  1.7

Action                   |  1- 3 |  4- 6 || total
-------------------------+-------+-------++-------
Melee: Dagger            |    33 |     1 ||    34
       Headbutt          |     1 |     5 ||     6
       Rapier            |       |    24 ||    24
       Kick              |       |     6 ||     6
 Cast: Flame Tongue      |    47 |    71 ||   118
       Throw Flame       |       |     1 ||     1
       Conjure Flame     |       |     2 ||     2
       Inner Flame       |       |     1 ||     1
  Use: Scroll            |     4 |     7 ||    11
       Potion            |     1 |     3 ||     4
 Stab: Sleeping          |     4 |     3 ||     7
  Eat: Chunk             |     2 |     5 ||     7
       Fruit             |       |     3 ||     3
Armor: Robe              |    11 |       ||    11
       Leather armour    |       |    14 ||    14
Dodge: Dodged            |    43 |    26 ||    69
Block: Other             |    16 |    11 ||    27
